ITL
RICHMOND FLAIRS @ TRENTON STARS
06/09/2030
 
TOP OF THE 1ST
Richmond Flairs batting - Pitching for Trenton Stars : LHP Frank Jackson
Pitching: LHP Frank Jackson
Batting: RHB Lonson Seals 0-0: Ball
1-0: Ball
2-0: Called Strike
2-1: Ground out 3-1 (Groundball, 34)
Batting: RHB Jack Ray 0-0: Ball
1-0: Called Strike
1-1: Swinging Strike
1-2: Foul Ball, location: 2F
1-2: Ball
2-2: SINGLE (Groundball, 6MD)
Batting: LHB Luis Villa 0-0: Fly out, F9 (Flyball, 9S)
Batting: LHB Sean Nicks 0-0: SINGLE (Groundball, 34S) (infield hit)
Jack Ray to second
Batting: RHB Miguel Hernández 0-0: Ball
1-0: Fly out, F9 (Flyball, 9)
Top of the 1st over - 0 runs, 2 hits, 0 errors, 2 left on base; Richmond 0 - Trenton 0
BOTTOM OF THE 1ST
Trenton Stars batting - Pitching for Richmond Flairs : LHP José Morán
Pitching: LHP José Morán
Batting: RHB Aurelio Cruz 0-0: Ground out 3-1 (Groundball, 34)
Batting: RHB Carlos Pérez 0-0: Ball
1-0: Called Strike
1-1: Ball
2-1: Foul Ball, location: 2F
2-2: Foul Ball, location: 2F
2-2: Ball
3-2: Strikes out swinging
Batting: LHB Gerardo Guzmán 0-0: Called Strike
0-1: Swinging Strike
0-2: Strikes out swinging
Bottom of the 1st over - 0 runs, 0 hits, 0 errors, 0 left on base; Richmond 0 - Trenton 0
TOP OF THE 2ND
Richmond Flairs batting - Pitching for Trenton Stars : LHP Frank Jackson
Batting: LHB Roland Jones 0-0: Foul Ball, location: 2F
0-1: Swinging Strike
0-2: Strikes out swinging
Batting: LHB R.J. Courtney 0-0: Fly out, F4 (Line Drive, 4)
Batting: RHB Guo-xiu Hsueh 0-0: Called Strike
0-1: Ball
1-1: Ball
2-1: Foul Ball, location: 2F
2-2: Foul Ball, location: 2F
2-2: Foul Ball, location: 2F
2-2: Foul Ball, location: 2F
2-2: Fly out, F7 (Flyball, 7D)
Top of the 2nd over - 0 runs, 0 hits, 0 errors, 0 left on base; Richmond 0 - Trenton 0
BOTTOM OF THE 2ND
Trenton Stars batting - Pitching for Richmond Flairs : LHP José Morán
Batting: RHB Norris Howard 0-0: Ball
1-0: Ball
2-0: SINGLE (Line Drive, 78S)
Batting: LHB Wes Thompson 0-0: Ball
1-0: Foul Ball, location: 2F
1-1: Called Strike
1-2: Strikes out swinging
Batting: LHB Pat Zimmerman 0-0: SINGLE (Groundball, 34D)
Norris Howard to second
Runner from 2nd tries for 3rd, SAFE, no throw
Batting: RHB Yaichiro Sugahara 0-0: Ball
1-0: Ball
2-0: Ball
3-0: Called Strike
3-1: Swinging Strike
3-2: Strikes out swinging
Batting: RHB Dan McKay 0-0: Ball
1-0: Foul Ball, location: 2F
1-1: Ball
2-1: Called Strike
2-2: SINGLE (Line Drive, 7S)
Norris Howard scores
Pat Zimmerman to second
Runner from 2nd tries for 3rd, SAFE, no throw
Batting: SHB Ismael Sánchez 0-0: Swinging Strike
0-1: Called Strike
0-2: Strikes out swinging
Bottom of the 2nd over - 1 run, 3 hits, 0 errors, 2 left on base; Richmond 0 - Trenton 1
TOP OF THE 3RD
Richmond Flairs batting - Pitching for Trenton Stars : LHP Frank Jackson
Batting: RHB Alejandro Ramos 0-0: Fly out, F8 (Flyball, 78XD)
Batting: RHB Lonson Seals 0-0: Ball
1-0: Foul Ball, location: 2F
1-1: Swinging Strike
1-2: Foul Ball, location: 2F
1-2: Foul Ball, location: 2F
1-2: Strikes out looking
Batting: RHB Jack Ray 0-0: Ball
1-0: Ball
2-0: Called Strike
2-1: Ball
3-1: SINGLE (Groundball, 56D)
Batting: LHB Luis Villa 0-0: Called Strike
0-1: Ball
1-1: Foul Ball, location: 2F
1-2: Ball
2-2: Foul Ball, location: 2F
2-2: Fly out, F5 (Popup, 5)
Top of the 3rd over - 0 runs, 1 hit, 0 errors, 1 left on base; Richmond 0 - Trenton 1
BOTTOM OF THE 3RD
Trenton Stars batting - Pitching for Richmond Flairs : LHP José Morán
Batting: RHB Aurelio Cruz 0-0: Ball
1-0: Fly out, F9 (Flyball, 9LM)
Batting: RHB Carlos Pérez 0-0: Ball
1-0: Ball
2-0: Called Strike
2-1: Called Strike
2-2: Foul Ball, location: 2F
2-2: Foul Ball, location: 2F
2-2: Fly out, F8 (Flyball, 89D)
Batting: LHB Gerardo Guzmán 0-0: Ball
1-0: Called Strike
1-1: Ball
2-1: Called Strike
2-2: Fly out, F7 (Flyball, 7)
Bottom of the 3rd over - 0 runs, 0 hits, 0 errors, 0 left on base; Richmond 0 - Trenton 1
TOP OF THE 4TH
Richmond Flairs batting - Pitching for Trenton Stars : LHP Frank Jackson
Batting: LHB Sean Nicks 0-0: Swinging Strike
0-1: Called Strike
0-2: Ball
1-2: Ball
2-2: Strikes out looking
Batting: RHB Miguel Hernández 0-0: Foul Ball, location: 2F
0-1: Swinging Strike
0-2: Strikes out swinging
Batting: LHB Roland Jones 0-0: Ball
1-0: Ball
2-0: Called Strike
2-1: Swinging Strike
2-2: Strikes out swinging
Top of the 4th over - 0 runs, 0 hits, 0 errors, 0 left on base; Richmond 0 - Trenton 1
BOTTOM OF THE 4TH
Trenton Stars batting - Pitching for Richmond Flairs : LHP José Morán
Batting: RHB Norris Howard 0-0: Fly out, F6 (Flyball, 6D)
Batting: LHB Wes Thompson 0-0: SINGLE (Flyball, 8LS)
Batting: LHB Pat Zimmerman 0-0: Foul Ball, location: 2F
0-1: Ball
1-1: Foul Ball, location: 2F
1-2: Foul Ball, location: 2F
1-2: Ball
2-2: Fly out, F7 (Flyball, 7S)
Batting: RHB Yaichiro Sugahara 0-0: Ball
1-0: Ball
2-0: Ball
3-0: Called Strike
3-1: Called Strike
3-2: Base on Balls
Wes Thompson to second
Pitching: RHP Sandro Gonzáles
Batting: RHB Dan McKay 0-0: Called Strike
0-1: Ball
1-1: Foul Ball, location: 2F
1-2: 3-RUN HOME RUN (Flyball, 7LD), Distance : 366 ft
Batting: SHB Ismael Sánchez 0-0: Foul Ball, location: 2F
0-1: Swinging Strike
0-2: Ball
1-2: Foul Ball, location: 2F
1-2: Ball
2-2: Foul Ball, location: 2F
2-2: Strikes out swinging
Bottom of the 4th over - 3 runs, 2 hits, 0 errors, 0 left on base; Richmond 0 - Trenton 4
TOP OF THE 5TH
Richmond Flairs batting - Pitching for Trenton Stars : LHP Frank Jackson
Batting: LHB R.J. Courtney 0-0: Fly out, F1 (Line Drive, 13)
Batting: RHB Guo-xiu Hsueh 0-0: Foul Ball, location: 2F
0-1: Ball
1-1: Swinging Strike
1-2: Ball
2-2: Ground out 5-3 (Groundball, 5)
Batting: RHB Alejandro Ramos 0-0: Fly out, F7 (Flyball, 78S)
Top of the 5th over - 0 runs, 0 hits, 0 errors, 0 left on base; Richmond 0 - Trenton 4
BOTTOM OF THE 5TH
Trenton Stars batting - Pitching for Richmond Flairs : RHP Sandro Gonzáles
Batting: RHB Aurelio Cruz 0-0: Called Strike
0-1: Ball
1-1: Foul Ball, location: 2F
1-2: Ball
2-2: SINGLE (Flyball, 89S)
Batting: RHB Carlos Pérez 0-0: Fly out, F8 (Flyball, 8LD)
Batting: LHB Gerardo Guzmán 0-0: Ball
1-0: Swinging Strike
1-1: Ball
2-1: Ball
3-1: Called Strike
3-2: Strikes out swinging
Batting: RHB Norris Howard 0-0: Foul Ball, location: 2F
0-1: Ball
1-1: Ball
2-1: Foul Ball, location: 2F
2-2: Ball
3-2: Foul Ball, location: 2F
3-2: Base on Balls
Aurelio Cruz to second
Batting: LHB Wes Thompson 0-0: Ball
1-0: 3-RUN HOME RUN (Flyball, 9D), Distance : 351 ft
Batting: LHB Pat Zimmerman 0-0: SINGLE (Flyball, 7LS)
Batting: RHB Yaichiro Sugahara 0-0: Ball
1-0: Called Strike
1-1: Swinging Strike
1-2: Ball
2-2: Ball
3-2: Reached on error, E6 (Groundball, 6M)
Pat Zimmerman to second
Batting: RHB Dan McKay 0-0: Foul Ball, location: 2F
0-1: Fly out, F9 (Flyball, 8RS)
Bottom of the 5th over - 3 runs, 3 hits, 1 error, 2 left on base; Richmond 0 - Trenton 7
TOP OF THE 6TH
Richmond Flairs batting - Pitching for Trenton Stars : LHP Frank Jackson
Batting: RHB Lonson Seals 0-0: Foul Ball, location: 2F
0-1: Fly out, F7 (Flyball, 78D)
Batting: RHB Jack Ray 0-0: Called Strike
0-1: Fly out, F8 (Flyball, 8LD)
Batting: LHB Luis Villa 0-0: Ball
1-0: Foul Ball, location: 2F
1-1: Ball
2-1: Ground out U3 (Groundball, 3L)
Top of the 6th over - 0 runs, 0 hits, 0 errors, 0 left on base; Richmond 0 - Trenton 7
BOTTOM OF THE 6TH
Trenton Stars batting - Pitching for Richmond Flairs : RHP Sandro Gonzáles
Batting: SHB Ismael Sánchez 0-0: Called Strike
0-1: Called Strike
0-2: Ball
1-2: Ball
2-2: Ball
3-2: SINGLE (Line Drive, 34D)
Batting: RHB Aurelio Cruz 0-0: Called Strike
0-1: Swinging Strike
0-2: Strikes out looking
Batting: RHB Carlos Pérez 0-0: Foul Ball, location: 2F
0-1: Ball
1-1: SINGLE (Groundball, 56S) (infield hit)
Ismael Sánchez to second
Batting: LHB Gerardo Guzmán 0-0: Ball
1-0: Ball
2-0: Called Strike
2-1: Ball
3-1: Foul Ball, location: 2F
3-2: SINGLE (Line Drive, 34D)
Ismael Sánchez to third
Carlos Pérez to second
Batting: RHB Norris Howard 0-0: Called Strike
0-1: Ball
1-1: Fly out, F8 (Flyball, 8LXD)
Runner from 3rd tags up, SCORES, no throw
Carlos Pérez to third
Pitching: RHP Alfonso Luna
Batting: LHB Wes Thompson 0-0: Ball
1-0: Called Strike
1-1: Ball
2-1: Swinging Strike
2-2: Ball
3-2: Base on Balls
Gerardo Guzmán to second
Batting: LHB Pat Zimmerman 0-0: Called Strike
0-1: Foul Ball, location: 2F
0-2: Foul Ball, location: 2F
0-2: Ball
1-2: SINGLE (Line Drive, 7S)
Carlos Pérez scores
Gerardo Guzmán to third
Wes Thompson to second
Runner from 3rd tries for Home, SAFE, no throw
Batting: RHB Yaichiro Sugahara 0-0: Swinging Strike
0-1: Ball
1-1: Ball
2-1: Fly out, F6 (Popup, 6S)
Bottom of the 6th over - 3 runs, 4 hits, 0 errors, 2 left on base; Richmond 0 - Trenton 10
TOP OF THE 7TH
Richmond Flairs batting - Pitching for Trenton Stars : LHP Frank Jackson
Batting: LHB Sean Nicks 0-0: Ball
1-0: Ball
2-0: Ball
3-0: Base on Balls
Batting: RHB Miguel Hernández 0-0: Ball
1-0: Foul Ball, location: 2F
1-1: Ball
2-1: Ball
3-1: Foul Ball, location: 2F
3-2: Strikes out looking
Batting: LHB Roland Jones 0-0: Swinging Strike
0-1: Called Strike
0-2: Strikes out looking
Batting: LHB R.J. Courtney 0-0: Swinging Strike
0-1: Called Strike
0-2: Ball
1-2: Ball
2-2: DOUBLE (Line Drive, 89XD)
Sean Nicks to third
Batting: RHB Guo-xiu Hsueh 0-0: Ball
1-0: Ball
2-0: Ball
3-0: Base on Balls
Batting: RHB Alejandro Ramos 0-0: Fielders Choice at 2nd, 6-4 (Groundball, 6)
Top of the 7th over - 0 runs, 1 hit, 0 errors, 3 left on base; Richmond 0 - Trenton 10
BOTTOM OF THE 7TH
Trenton Stars batting - Pitching for Richmond Flairs : RHP Alfonso Luna
Batting: RHB Dan McKay 0-0: Called Strike
0-1: Fly out, F8 (Flyball, 78S)
Batting: SHB Ismael Sánchez 0-0: Ball
1-0: Reached on error, E3 (Groundball, 34)
Batting: RHB Aurelio Cruz 0-0: Fly out, F7 (Flyball, 7S)
Batting: RHB Carlos Pérez 0-0: Ball
1-0: Ball
2-0: Swinging Strike
2-1: Ball
3-1: Base on Balls
Ismael Sánchez to second
Batting: LHB Gerardo Guzmán 0-0: Ball
1-0: Called Strike
1-1: Foul Ball, location: 2F
1-2: Ball
2-2: Ball
3-2: Foul Ball, location: 2F
3-2: Foul Ball, location: 2F
3-2: 3-RUN HOME RUN (Flyball, 89XD), Distance : 405 ft
Pitching: RHP Jeremy Holmes
Pinch Hitting: SHB António Enríquez 0-0: Called Strike
0-1: Ball
1-1: Ball
2-1: Ball
3-1: Ground out 5-3 (Groundball, 5)
Bottom of the 7th over - 3 runs, 1 hit, 1 error, 0 left on base; Richmond 0 - Trenton 13
TOP OF THE 8TH
Richmond Flairs batting - Pitching for Trenton Stars : LHP Frank Jackson
Now in LF: Emílio Bruno
Batting: RHB Lonson Seals 0-0: Called Strike
0-1: Ball
1-1: Ball
2-1: Ball
3-1: Called Strike
3-2: Fly out, F7 (Flyball, 7)
Batting: RHB Jack Ray 0-0: Ball
1-0: Ball
2-0: Ball
3-0: Base on Balls
Batting: LHB Luis Villa 0-0: Called Strike
0-1: Foul Ball, location: 2F
0-2: Fly out, F8 (Flyball, 89D)
Batting: LHB Sean Nicks 0-0: Called Strike
0-1: SINGLE (Groundball, 4MD)
Jack Ray to second
Runner from 2nd tries for 3rd, SAFE, throw made to third
Batting: RHB Miguel Hernández 0-0: Ball
1-0: Foul Ball, location: 2F
1-1: SINGLE (Line Drive, 89M)
Jack Ray scores
Sean Nicks to second
Batting: LHB Roland Jones 0-0: 3-RUN HOME RUN (Flyball, 7D), Distance : 391 ft
Batting: LHB R.J. Courtney 0-0: Ball
1-0: Ball
2-0: Ground out 4-3 (Groundball, 4S)
Top of the 8th over - 4 runs, 3 hits, 0 errors, 0 left on base; Richmond 4 - Trenton 13
BOTTOM OF THE 8TH
Trenton Stars batting - Pitching for Richmond Flairs : RHP Jeremy Holmes
Batting: LHB Wes Thompson 0-0: Ball
1-0: Swinging Strike
1-1: DOUBLE (Line Drive, 7LM)
Batting: LHB Pat Zimmerman 0-0: Ball
1-0: Ball
2-0: Called Strike
2-1: Foul Ball, location: 2F
2-2: Ball
3-2: Ground out 1-3 (Groundball, 13S)
Wes Thompson to third
Batting: RHB Yaichiro Sugahara 0-0: Swinging Strike
0-1: Ball
1-1: Ball
2-1: Ball
3-1: Foul Ball, location: 2F
3-2: Base on Balls
Batting: RHB Dan McKay 0-0: SINGLE (Line Drive, 6D)
Wes Thompson scores
Yaichiro Sugahara to second
Batting: SHB Ismael Sánchez 0-0: Swinging Strike
0-1: Ball
Wild Pitch!
Yaichiro Sugahara to third
Dan McKay to second
1-1: Ball
2-1: Swinging Strike
2-2: Ball
3-2: Base on Balls
Batting: RHB Aurelio Cruz 0-0: Foul Ball, location: 2F
0-1: Swinging Strike
0-2: Ball
1-2: Ground out 5-3 (Groundball, 56S)
Yaichiro Sugahara scores
Dan McKay to third
Ismael Sánchez to second
Batting: RHB Carlos Pérez 0-0: Ball
1-0: Foul Ball, location: 2F
1-1: Ball
2-1: Ball
3-1: Base on Balls
Batting: LHB Gerardo Guzmán 0-0: Ball
1-0: Ball
2-0: Ball
3-0: Base on Balls
Dan McKay scores
Ismael Sánchez to third
Carlos Pérez to second
Batting: RHB Emílio Bruno 0-0: Ball
1-0: Called Strike
1-1: Reached on error, E3 (Groundball, 34)
Ismael Sánchez scores
Carlos Pérez to third
Gerardo Guzmán to second
Batting: LHB Wes Thompson 0-0: Called Strike
0-1: Ground out 6-3 (Groundball, 56)
Bottom of the 8th over - 4 runs, 2 hits, 1 error, 3 left on base; Richmond 4 - Trenton 17
TOP OF THE 9TH
Richmond Flairs batting - Pitching for Trenton Stars : LHP Frank Jackson
Pitching: LHP Joseph Byrne
Pinch Hitting: RHB Liangde Que 0-0: Ball
1-0: DOUBLE (Line Drive, 8LXD)
Batting: RHB Alejandro Ramos 0-0: Ball
1-0: Foul Ball, location: 2F
1-1: Foul Ball, location: 2F
1-2: Strikes out swinging
Batting: RHB Lonson Seals 0-0: Called Strike
0-1: Ball
1-1: Fly out, F9 (Line Drive, 9)
Batting: RHB Jack Ray 0-0: Called Strike
0-1: Ball
1-1: SINGLE (Groundball, 4MD)
Liangde Que to third
Batting: LHB Luis Villa 0-0: Ball
1-0: Called Strike
1-1: Fly out, F7 (Flyball, 7S)
Top of the 9th over - 0 runs, 2 hits, 0 errors, 2 left on base; Richmond 4 - Trenton 17
Saturday, April 7th, 2018 - OOTP Baseball 18.8 Build 76